 Dungeon Crawl Stone Soup version 0.29.1-12-g30fa7ad0bf (webtiles) character file.

Game seed: 16169089318079135077

92 Torrinon the Sneak (level 4, -2/35 HPs)
             Began as a Draconian Enchanter on Dec 24, 2022.
             Slain by a phantom (7 damage)
             ... on level 4 of the Dungeon.
             The game lasted 00:06:25 (714 turns).

Torrinon the Sneak (Draconian Enchanter)             Turns: 714, Time: 00:06:26

Health: -2/35      AC:  5    Str: 10 (11) XL:     4   Next: 35%
Magic:  1/7        EV: 12    Int: 14 (15) God:
Gold:   76         SH:  0    Dex: 10 (13) Spells: 1/7 levels left

rFire   . . .      SeeInvis .   a - +1 dagger (protect)
rCold   . . .      Faith    .   (no shield)
rNeg    . . .      Spirit   .   (body armour unavailable)
rPois   .          Reflect  .   (helmet restricted)
rElec   .          Harm     .   (no cloak)
rCorr   .          Rampage  .   (no gloves)
Will    .....                   (no boots)
Stlth   ++........              g - amulet of the acrobat
HPRegen 0.11/turn               (no ring)
MPRegen 0.10/turn               (no ring)

@: no status effects
A: AC +5, unfitting armour, cold-blooded
a: no special abilities


You were on level 4 of the Dungeon.
You visited 1 branch of the dungeon, and saw 4 of its levels.

You collected 76 gold pieces.

Inventory:

Hand Weapons
 a - a +1 dagger of protection (weapon)
Missiles
 c - 2 boomerangs
 h - 2 javelins (quivered)
Jewellery
 g - an amulet of the acrobat (around neck)


   Skills:
 * Level 1.0 Fighting
 * Level 1.6 Short Blades
 * Level 1.0 Throwing
 * Level 2.3 Dodging
 * Level 3.2 Stealth
 * Level 2.2 Spellcasting
 * Level 3.0 Hexes
 * Level 0.7 Ice Magic
 * Level 0.6 Earth Magic


You had one spell level left.
You knew the following spells:

 Your Spells              Type           Power      Damage    Failure   Level
a - Ensorcelled Hibernat  Hex/Ice        12%        N/A       16%         2
b - Sandblast             Erth           6%         2d5       19%         1
c - Tukima's Dance        Hex            9%         N/A       21%         3

Your spell library contained the following spells:

 Spells                   Type           Power      Damage    Failure   Level
 Confusing Touch          Hex            9%         N/A       21%         3
 Passwall                 Tmut/Erth      1%         N/A       30%         2
 Dazzling Flash           Conj/Hex       10%        N/A       36%         3
 Stone Arrow              Conj/Erth      4%         3d7       52%         3


Dungeon Overview and Level Annotations

Branches:
Dungeon (4/15)
 Temple: D:4-7

Altars:


Innate Abilities, Weirdness & Mutations

Your plain brown scales are hard. (AC +5)
You cannot fit into any form of body armour.
You are cold-blooded and may be slowed by cold attacks.


Message History

The phantom is moderately damaged.
The phantom hits you.
The phantom blinks!
You blink.
The phantom barely misses you.
You see here 2 javelins.
Casting: Sandblast (safe; 19% risk of failure)
Confirm with . or Enter, or press ? or * to list all spells.
Aiming: Sandblast (safe; 19% risk of failure)
Press: ? - help, Shift-Dir - straight line, f - phantom
Aim: a phantom (moderately damaged, 73% to hit)
The blast of sand misses the phantom.
The phantom closely misses you. The phantom hits you.
* * * LOW HITPOINT WARNING * * *
The phantom blinks!
You blink.
The phantom completely misses you.
There is a stone staircase leading down here.
The phantom attacks as you move away! The phantom closely misses you.
The phantom attacks as you move away! The phantom hits you.
* * * LOW HITPOINT WARNING * * *
You barely miss the phantom.
The phantom is moderately damaged.
Casting: Sandblast (safe; 19% risk of failure)
Confirm with . or Enter, or press ? or * to list all spells.
Aiming: Sandblast (safe; 19% risk of failure)
Press: ? - help, Shift-Dir - straight line, f/p - phantom
Aim: a phantom (moderately damaged, 73% to hit)
The blast of sand hits the phantom.
The phantom is moderately damaged.
The phantom barely misses you. The phantom hits you.
* * * LOW HITPOINT WARNING * * *
The phantom blinks!
You blink.
You aren't carrying any scrolls.
The phantom attacks as you move away!
The phantom hits you but does no damage.
The phantom attacks as you move away!
The phantom hits you but does no damage.
The phantom closely misses you.
You see here 2 javelins.
h - 2 javelins The phantom hits you!
You die...

##########.!# #
#..........###.#
#..##........#.###
##.)..............
###...†..........
##.......#.....
#...†...# ....
#....W..#### .
##....@.)..#
##.......##.#
#.........# ..
#.........# .#
#.....>...# #
#.........#
#.........#
##....)..##
#.>.......#


You could see a phantom.

Vanquished Creatures
  A howler monkey (D:4)
  An orc priest (D:3)
  A worm (D:4)
  2 orcs (D:3)
  An endoplasm (D:4)
  A giant cockroach (D:1)
  2 goblins
  3 kobolds
  3 quokkas
  3 ball pythons
  A bat (D:1)
  3 frilled lizards
22 creatures vanquished.

Notes
Turn   | Place    | Note
-------+----------+-------------------------------------------
     0 | D:1      | Torrinon the Draconian Enchanter began the quest for the
                  | Orb.
     0 | D:1      | Reached XP level 1. HP: 14/14 MP: 3/3
   223 | D:2      | Reached XP level 2. HP: 18/20 MP: 5/5
   226 | D:2      | Learned a level 2 spell: Ensorcelled Hibernation
   228 | D:2      | Learned a level 1 spell: Sandblast
   458 | D:3      | Reached XP level 3. HP: 22/27 MP: 0/6
   469 | D:3      | Learned a level 3 spell: Tukima's Dance
   622 | D:4      | Reached skill level 1 in Fighting
   622 | D:4      | Reached skill level 1 in Throwing
   622 | D:4      | Reached XP level 4. HP: 32/35 MP: 1/7
   678 | D:4      | Noticed a phantom
   714 | D:4      | Slain by a phantom

Illustrated notes

Levels and vault maps discovered:
D:1:      psy_arrival_statuary, layout_basic,
          dreamdust_ecumenical_altar_angels_and_demons
D:2:      layout_loops_ring, minmay_small_reverse_x
D:3:      layout_basic, serial_shops, nicolae_square_shop,
          minmay_three_crescents
D:4:      layout_rooms, minmay_manual_monolith

Skill      XL: |  1  2  3  4 |
---------------+-------------+-----
Dodging        | 2 |  2.3
Stealth        | 3 |  3.2
Fighting       | 1 |  1.0
Throwing       | 1 |  1.0
Hexes          | 3 |  3.0
Short Blades   | |  1.6
Spellcasting   | |  2.2
Ice Magic      | |  0.7
Earth Magic    | |  0.6

Action                   |  1- 3 |  4- 6 || total
-------------------------+-------+-------++-------
Melee: Dagger            |    64 |    12 ||    76
       Tailslap          |     8 |     1 ||     9
Throw: Javelin           |     2 |     3 ||     5
 Cast: Ensorcelled Hiber |     6 |     1 ||     7
       Sandblast         |     4 |     5 ||     9
  Use: Potion            |     3 |     2 ||     5
       Scroll            |     1 |     1 ||     2
 Stab: Sleeping          |     4 |       ||     4
       Invisible         |     3 |     2 ||     5
Armor: Skin              |    18 |     7 ||    25
Dodge: Dodged            |    59 |    31 ||    90
